 Dungeon Crawl Stone Soup version 0.25.1-2-g60ff931df9 (webtiles) character file.

Game seed: 15220528678617416830

39827 Erymatos the Severer (level 13, -4/123 HPs)
             Began as a Minotaur Berserker on Oct 31, 2020.
             Was the Champion of Trog.
             Killed from afar by Roxanne (51 damage)
             ... with a crystal spear
             ... on level 14 of the Dungeon.
             The game lasted 00:32:16 (17178 turns).

Erymatos the Severer (Minotaur Berserker)          Turns: 17178, Time: 00:32:17

Health: -4/123     AC: 28    Str: 25    XL:     13   Next: 71%
Magic:  12/12      EV: 12    Int:  2    God:    Trog [******]
Gold:   1031       SH:  5    Dex: 12    Spells: 12/12 levels left

rFire    . . .     SeeInvis +   J - +6 executioner's axe (vorpal)
rCold    . . .     Gourm    .   (shield currently unavailable)
rNeg     . . .     Faith    .   l - +0 crystal plate armour
rPois    .         Spirit   .   (helmet restricted)
rElec    .         Reflect  +   I - +1 cloak of the Shore {Harm}
rCorr    .         Harm     +   k - +0 pair of gloves
MR       .....                  E - +0 pair of boots
Stlth    ..........             i - amulet of reflection
HPRegen  0.30/turn              t - +4 ring of evasion
MPRegen  0.13/turn              u - ring of see invisible

@: berserk cooldown, slowed, very slow
A: retaliatory headbutt, horns 2, dopey 1
a: Berserk, Trog's Hand, Brothers in Arms, Renounce Religion


You were on level 14 of the Dungeon.
You worshipped Trog.
Trog was exalted by your worship.
You were not hungry.

You visited 1 branch of the dungeon, and saw 15 of its levels.

You collected 1152 gold pieces.
You spent 121 gold pieces at shops.

Inventory:

Hand Weapons
 a - a +2 war axe
 J - a +6 vorpal executioner's axe (weapon)
Armour
 k - a +0 pair of gloves (worn)
 l - a +0 crystal plate armour (worn)
 E - a +0 pair of boots (worn)
 I - the +1 cloak of the Shore (worn) {Harm}
   (You found it on level 9 of the Dungeon)

   It increases damage dealt and taken.
Jewellery
 i - an amulet of reflection (around neck)
 t - a +4 ring of evasion (left hand)
 u - a ring of see invisible (right hand)
 F - an uncursed ring of ice
 L - an uncursed amulet of regeneration
 N - an uncursed ring of protection from magic {unknown}
Wands
 x - a wand of acid (6)
 C - a wand of polymorph (7)
 D - a wand of flame (42)
 H - a wand of paralysis (8)
 P - a wand of iceblast (21)
Scrolls
 d - 9 scrolls of teleportation {unknown}
 e - 3 scrolls of fear {unknown}
 g - 8 scrolls of identify {unknown}
 h - 5 scrolls of magic mapping {unknown}
 j - 4 scrolls of enchant weapon {unknown}
 m - 4 scrolls of noise {unknown}
 o - 3 scrolls of amnesia {unknown}
 y - a scroll of holy word {unknown}
 z - a scroll of enchant armour {unknown}
 A - a scroll of remove curse {unknown}
 B - 3 scrolls of fog {unknown}
Potions
 b - a potion of degeneration {unknown}
 f - 2 potions of invisibility {unknown}
 n - 2 potions of flight {unknown}
 p - 5 potions of haste {unknown}
 q - a potion of mutation {unknown}
 r - 3 potions of heal wounds {unknown}
 s - 2 potions of brilliance {unknown}
 v - a potion of ambrosia {unknown}
 w - a potion of might {unknown}
 G - 3 potions of berserk rage {unknown}
 K - a potion of stabbing {unknown}
 M - a potion of lignification {unknown}
 Q - a potion of curing
Comestibles
 c - 16 rations


   Skills:
 + Level 13.9 Fighting
 + Level 18.8 Axes
 + Level 13.5 Armour
 + Level 5.6 Dodging
 - Level 0.4 Stealth


You had 12 spell levels left.
You didn't know any spells.
Your spell library was empty.

Dungeon Overview and Level Annotations

Branches:
Dungeon (15/15)            Temple (0/1) D:6            Lair (0/6) D:11
    Orc (0/2) D:9          Vaults (0/5) D:13         Depths (0/5) D:15

Altars:
Cheibriados
Dithmenos
Kikubaaqudgha
Nemelex Xobeh
Okawaru
Qazlal
Ru
Trog
Uskayaw
Wu Jian
Xom
The Shining One

Shops:
D:5 [   D:12 (

Portals:
Sewer: D:6

Annotations:
D:4 2 transporters, Exodus22XD's ghost, amateur DsGl
D:9 1 runed translucent door
D:14 Roxanne


Innate Abilities, Weirdness & Mutations

You reflexively headbutt those who attack you in melee.
You have a pair of horns on your head.
You are dopey. (Int -2)


Message History

You feel your anger nearly subside.
You start resting.
You are no longer berserk.
You are exhausted.
You feel yourself slow down.
Things that are here:
a +3 shortbow; 21 arrows; a centaur corpse Really walk into a travel-excluded area? [Y]es or [N]o only, please.
Really walk into a travel-excluded area?
Okay, then.
Really walk into a travel-excluded area?
You see here an arrow.
Found 36 gold pieces.
Roxanne casts a spell.
The bolt of magma hits you!!
A wizard comes into view. It is wielding a +0 dagger.
Roxanne mumbles some strange words.
The crystal spear hits you!!!
You die...

p.##..............
.$.#.............
.##..............#
.................
...............###
.................#
..........(...)).###
......8@......)....#
.......[.....(.).(##
..............#####
..$.....>.....#
.......>......#
.............##
..............#
.........._...#
.............<#


You could see Roxanne and a wizard (wandering).

Vanquished Creatures
  Jorgrun (D:14)
  Agnes (D:15)
  A frost giant (D:15)
  4 vault guards (D:13)
  A hydra (D:12)
  5 two-headed ogres
  A catoblepas (D:14)
  3 centaur warriors
  Erica (D:8)
  3 unseen horrors
  An orc knight (D:15)
  10 ugly things (D:15)
  An orc sorcerer (D:15)
  A deep elf mage (D:15)
  A cyclops (D:15)
  3 centaur zombies (D:15)
  A gargoyle (D:12)
  Maggie (D:7)
  6 kobold demonologists
  4 trolls
  A queen bee (D:11)
  3 meliai (D:14)
  A hornet (D:13)
  3 hippogriffs
  3 shadows
  2 wyverns
  12 yaks
  3 wraiths
  2 hungry ghosts
  A vampire (D:13)
  Menkaure (D:5)
  5 vampire mosquitoes
  An acid dragon (D:12)
  A soldier ant (D:13)
  A water moccasin (D:15)
  2 black bears (D:11)
  2 eyes of draining
  4 ice beasts
  5 orc warriors
  6 ogres
  3 sky beasts
  2 phantoms
  A hornet zombie (D:11)
  8 centaurs
  4 big kobolds
  10 bullfrogs
  A wyvern zombie (D:13)
  A wyvern skeleton (D:7)
  5 scorpions
  18 killer bees
  4 wights (D:10)
  A howler monkey (D:5)
  10 crimson imps
  A quasit (D:7)
  6 hounds
  7 centaur skeletons
  4 orc priests
  A wyvern simulacrum (D:14)
  2 jellies
  9 orc wizards
  3 bullfrog skeletons
  3 iguanas
  17 worker ants
  A killer bee zombie (D:6)
  A hound zombie (D:8)
  3 hound skeletons
  3 worker ant zombies
  6 gnolls
  10 adders
  6 shadow imps
  An ooze (D:2)
  An adder zombie (D:6)
  An adder skeleton (D:8)
  5 worms
  3 dart slugs
  4 leopard geckos
  36 orcs
  10 giant cockroaches
  7 goblins
  17 hobgoblins
  8 jackals
  9 quokkas
  4 ball pythons
  12 bats
  4 frilled lizards
  21 kobolds
  10 rats
  A butterfly (D:9)
414 creatures vanquished.

Notes
Turn   | Place    | Note
-------+----------+-------------------------------------------
     0 | D:1      | Erymatos the Minotaur Berserker began the quest for the
                  | Orb.
     0 | D:1      | Reached XP level 1. HP: 19/19 MP: 0/0
   375 | D:1      | Reached XP level 2. HP: 27/27 MP: 1/1
   382 | D:1      | Reached skill level 4 in Axes
   681 | D:1      | Reached XP level 3. HP: 30/33 MP: 2/2
  1163 | D:1      | Reached ** piety under Trog
  1548 | D:2      | Found a faded altar of an unknown god.
  1799 | D:2      | Reached XP level 4. HP: 41/41 MP: 3/3
  1916 | D:2      | Reached skill level 5 in Axes
  2919 | D:3      | Reached *** piety under Trog
  2919 | D:3      | Reached XP level 5. HP: 47/47 MP: 4/4
  3272 | D:3      | Reached skill level 6 in Axes
  3293 | D:3      | Found a sparkling altar of Nemelex Xobeh.
  3797 | D:4      | Found a transporter.
  3797 | D:4      | Noticed Exodus22XD's ghost (amateur DsGl)
  3822 | D:4      | Reached skill level 5 in Fighting
  3838 | D:4      | Reached XP level 6. HP: 28/56 MP: 5/5
  4328 | D:4      | Found a transporter.
  4382 | D:4      | Reached skill level 7 in Axes
  4488 | D:4      | Reached XP level 7. HP: 29/61 MP: 6/6
  4986 | D:5      | Entered Level 5 of the Dungeon
  5226 | D:5      | Noticed Menkaure
  5235 | D:5      | Killed Menkaure
  5235 | D:5      | Reached skill level 8 in Axes
  5235 | D:5      | Reached skill level 5 in Armour
  5567 | D:5      | Found Weocsue's Antique Armour Boutique.
  5581 | D:5      | Reached XP level 8. HP: 68/71 MP: 7/7
  6039 | D:5      | Bought a cloak for 121 gold pieces
  6103 | D:6      | Found a glowing drain.
  6128 | D:6      | Reached skill level 9 in Axes
  6214 | D:6      | Found a staircase to the Ecumenical Temple.
  6280 | D:6      | Reached **** piety under Trog
  6446 | D:6      | Found a bloodstained altar of Trog.
  6636 | D:6      | Reached skill level 10 in Axes
  6751 | D:6      | Found a sparkling altar of Nemelex Xobeh.
  6884 | D:7      | Reached XP level 9. HP: 67/81 MP: 8/8
  7286 | D:7      | Noticed Maggie
  7307 | D:7      | Killed Maggie
  7307 | D:7      | Reached skill level 11 in Axes
  7851 | D:7      | Found a shimmering altar of Xom.
  7851 | D:7      | Found a snail-covered altar of Cheibriados.
  7857 | D:7      | Found a shadowy altar of Dithmenos.
  7871 | D:7      | Found an iron altar of Okawaru.
  7872 | D:7      | Found a faded altar of an unknown god.
  7907 | D:8      | Noticed Erica
  7925 | D:8      | Killed Erica
  7925 | D:8      | Reached skill level 12 in Axes
  8169 | D:8      | Reached XP level 10. HP: 45/91 MP: 9/9
  8790 | D:8      | Noticed a two-headed ogre
  8798 | D:8      | Killed a two-headed ogre
  8798 | D:8      | Reached ***** piety under Trog
  8933 | D:8      | Found a glowing golden altar of the Shining One.
  8936 | D:8      | Found a stormy altar of Qazlal.
  8939 | D:8      | Found an ancient bone altar of Kikubaaqudgha.
  8964 | D:8      | Found a hide-covered altar of Uskayaw.
  9214 | D:9      | Found a staircase to the Orcish Mines.
  9872 | D:9      | Got a transparent cloak
  9883 | D:9      | Identified the +1 cloak of the Shore {Harm} (You found it
                  | on level 9 of the Dungeon)
 10073 | D:9      | Found a runed translucent door.
 10078 | D:9      | Found a runed translucent door.
 10251 | D:9      | Reached skill level 13 in Axes
 10266 | D:9      | Reached skill level 5 in Dodging
 10378 | D:10     | Entered Level 10 of the Dungeon
 10497 | D:10     | Reached skill level 10 in Fighting
 11203 | D:10     | Reached XP level 11. HP: 94/101 MP: 10/10
 11367 | D:11     | Reached skill level 14 in Axes
 11421 | D:11     | Reached skill level 10 in Armour
 12113 | D:11     | You fall into a shaft and drop 1 floor!
 12266 | D:12     | Noticed an unseen horror
 12275 | D:12     | Killed an unseen horror
 12405 | D:11     | Reached ****** piety under Trog
 12438 | D:11     | Received a gift from Trog
 12715 | D:11     | Reached skill level 15 in Axes
 12805 | D:11     | Found a staircase to the Lair.
 13086 | D:12     | Noticed a two-headed ogre
 13095 | D:12     | Killed a two-headed ogre
 13261 | D:12     | Noticed a four-headed hydra
 13273 | D:12     | Killed a ten-headed hydra
 13588 | D:12     | Noticed a two-headed ogre
 13596 | D:12     | Killed a two-headed ogre
 13596 | D:12     | Reached XP level 12. HP: 78/111 MP: 11/11
 13872 | D:12     | Found Fubumati's Weapon Shop.
 13919 | D:13     | Noticed a centaur warrior
 13923 | D:13     | Killed a centaur warrior
 14082 | D:13     | Found a gate to the Vaults.
 14082 | D:13     | Noticed a centaur warrior
 14082 | D:13     | Noticed a vault guard
 14082 | D:13     | Noticed a vault guard
 14082 | D:13     | Noticed a vault guard
 14082 | D:13     | Noticed a vault guard
 14097 | D:13     | Killed a vault guard
 14098 | D:13     | Killed a vault guard
 14098 | D:13     | Reached skill level 16 in Axes
 14106 | D:13     | Killed a vault guard
 14124 | D:13     | Killed a vault guard
 14129 | D:13     | Killed a centaur warrior
 14207 | D:13     | Noticed a two-headed ogre
 14215 | D:13     | Killed a two-headed ogre
 14315 | D:13     | Found a sacrificial altar of Ru.
 14464 | D:13     | Noticed a two-headed ogre
 14470 | D:13     | Killed a two-headed ogre
 14722 | D:13     | Received a gift from Trog
 15206 | D:14     | Noticed Jorgrun
 15244 | D:14     | Killed Jorgrun
 15244 | D:14     | Reached skill level 17 in Axes
 15685 | D:14     | You fall into a shaft and drop 1 floor!
 15685 | D:15     | Entered Level 15 of the Dungeon
 15691 | D:15     | Reached XP level 13. HP: 122/122 MP: 12/12
 16016 | D:15     | Gained mutation: You are dopey. (Int -2) [a neqoxec]
 16018 | D:15     | Reached skill level 18 in Axes
 16298 | D:15     | Noticed Agnes
 16301 | D:15     | Killed Agnes
 16683 | D:15     | Found a staircase to the Depths.
 16683 | D:15     | Noticed a frost giant
 16687 | D:15     | Killed a frost giant
 16859 | D:15     | Found an ornate altar of the Wu Jian Council.
 17151 | D:14     | Found a glowing golden altar of the Shining One.
 17151 | D:14     | Identified Roxanne's Compendium of Clay
 17151 | D:14     | Noticed Roxanne
 17178 | D:14     | Killed from afar by Roxanne

Illustrated notes

Levels and vault maps discovered:
D:1:      dpeg_arrival_stonehenge_12_columns, layout_basic, minmay_tromino_v4_a
D:2:      wad_river_or_something, layout_basic,
          chequers_ecumenical_altar_simple_redux, minmay_misc_feat_chi,
          kennysheep_generic_room_5
D:3:      layout_rooms, serial_park_tiny_pond, nemelex_altar_shiori
D:4:      layout_basic, gammafunk_ghost_arena
D:5:      layout_gridville, first_ration, serial_shops, shop_coins,
          uniq_menkaure
D:6:      layout_loops_ring, minmay_temple_entry_sparse_star,
          portal_sewer_entry_a, hangedman_feature_mirror
D:7:      layout_loops_cross, chequers_temple_overflow_minitemple, uniq_maggie
D:8:      layout_rooms, grunt_temple_overflow_diamond, kennysheep_mini,
          uniq_erica
D:9:      lemuel_insect_pit, layout_rooms, orc_0_dummy
D:10:     minmay_angry_zag, layout_loops_cross, serial_glass, glass_columns_a,
          glass_columns_a, glass_columns_a, glass_columns_a, glass_columns_a,
          glass_columns_a, glass_columns_a, glass_columns_a,
          minmay_strange_pillars, feat_on_display, minmay_strange_pillars
D:11:     layout_rooms, lair_entry_dummy, david_nohive_1, minmay_misc_feat_tower
D:12:     layout_long_grid, serial_shops, shop_statue, enter_bailey_2,
          chequers_hall_statues_wall_a
D:13:     layout_layer_cave, lightli_vaults_fourway_checkpoint,
          nicolae_ru_awakened_eye
D:14:     layout_cave_pools, basic_altar, chequers_avenue,
          minmay_misc_feat_secret_circle, minmay_misc_feat_room,
          trog_ov_bears_minmay, uniq_roxanne, uniq_jorgrun, uniq_louise
D:15:     grunt_enter_depths_snipers, layout_basic, basic_altar, uniq_agnes

Skill      XL: |  1  2  3  4  5  6  7  8  9 10 11 12 13 |
---------------+----------------------------------------+-----
Axes           | 4 5 6 7 8 10 12 13 15 17 18 | 18.8
Fighting       | 4 5 6 7 9 10 11 13 | 13.9
Dodging        | 3 4 5 |  5.6
Armour         | 3 4 5 7 9 11 13 | 13.5
Stealth        | |  0.4

Action                   |  1- 3 |  4- 6 |  7- 9 | 10-12 | 13-15 || total
-------------------------+-------+-------+-------+-------+-------++-------
Melee: Hand axe          |    80 |    79 |       |       |       ||   159
       Headbutt          |    14 |    31 |    57 |   126 |    20 ||   248
       War axe           |       |    80 |   252 |   492 |       ||   824
       Executioner's axe |       |       |       |    22 |    82 ||   104
Invok: Berserk           |       |     2 |     1 |    10 |     1 ||    14
  Use: Potion            |       |       |     1 |       |       ||     1
 Stab: Sleeping          |     1 |       |       |       |       ||     1
       Distracted        |       |       |     1 |       |       ||     1
       Petrified         |       |       |       |       |     3 ||     3
       Petrifying        |       |       |       |       |     1 ||     1
  Eat: Chunk             |     3 |     9 |    12 |    18 |     3 ||    45
       Ration            |       |       |     1 |     4 |     1 ||     6
Armor: Animal skin       |    13 |     3 |       |       |       ||    16
       Chain mail        |       |    52 |   109 |       |       ||   161
       Acid dragon scale |       |       |    19 |    33 |       ||    52
       Crystal plate arm |       |       |       |   253 |    67 ||   320
Dodge: Dodged            |    57 |    76 |   113 |   220 |    41 ||   507
Block: Other             |       |       |       |     5 |    29 ||    34
       Reflection        |       |       |       |       |     3 ||     3
